 Dungeon Crawl Stone Soup version 0.20.1-1-g8b1a95d (webtiles) character file.

32291 letownia2 the Cleaver (level 13, -4/109 HPs)
             Began as a Deep Dwarf Necromancer on Nov 26, 2017.
             Was an Initiate of Gozag.
             Killed from afar by an ice statue (23 damage)
             ... with a shard of ice
             ... in an ice cave.
             The game lasted 01:07:21 (17359 turns).

letownia2 the Cleaver (Deep Dwarf Necromancer)     Turns: 17359, Time: 01:07:22

Health: -4/109     AC: 19    Str: 16    XL:     13   Next: 30%
Magic:  26/26      EV: 13    Int: 17    God:    Gozag
Gold:   845        SH:  0    Dex: 18    Spells: 24/30 levels left

rFire    + + .     SeeInvis .   w - +2 executioner's axe (vamp)
rCold    + . .     Gourm    .   (shield currently unavailable)
rNeg     . . .     Faith    .   h - +2 chain mail {rF+}
rPois    +         Spirit   .   C - +0 helmet of Cihelal {+Blink rElec Stlth+} (curse)
rElec    +         Reflect  .   R - +1 cloak
rCorr    +         Harm     .   k - +0 pair of gloves
MR       ++...                  N - +1 pair of boots
Stlth    +.........             i - amulet of magic regeneration
Regen    0.0/turn               p - ring of poison resistance
MPRegen  0.3/turn               z - ring of protection from magic

@: agile, resistant, non-regenerating, hasted, very quick
A: damage resistance, heal wounds, sense surroundings 2, no regeneration
a: Heal Wounds, Potion Petition, Call Merchant, Bribe Branch, Renounce Religion,
Evoke Blink


You were in an ice cave.
You worshipped Gozag.
Gozag was pleased with you.
You were not hungry.

You visited 3 branches of the dungeon, and saw 17 of its levels.
You also visited: Bailey, Ice Cave and Volcano.

You collected 3805 gold pieces.
You spent 375 gold pieces at shops.
You paid 2585 gold pieces to Gozag.

Inventory:

Hand Weapons
 a - a +0 broad axe of flaming
 b - a +1 rapier of holy wrath
 c - a +0 blowgun
 f - the +2 morningstar "Booduix" {antimagic, *Corrode rF+ MR+ MP+9}
   (You found it on level 8 of the Dungeon)

   It reduces the magical energy of the wielder, and disrupts the spells and
   magical abilities of those hit.
   Natural abilities and divine invocations are not affected.
   It protects you from fire.
   It affects your resistance to hostile enchantments.
   It affects your magic capacity (+9).
   It may corrode you when you take damage.
 w - a +2 vampiric executioner's axe (weapon)
Missiles
 B - a throwing net (quivered)
 T - 12 curare-tipped needles
Armour
 d - the +11 chain mail of Gravitas {*Slow Regen+ Stlth+}
   (You found it on level 1 of the Lair of Beasts)

   It increases your rate of regeneration.
   It may slow you when you take damage.
   It makes you more stealthy.
 h - a +2 chain mail of fire resistance (worn)
 k - a +0 pair of gloves (worn)
 C - the cursed +0 helmet of Cihelal (worn) {+Blink rElec Stlth+}
   (You bought it in a shop on level 2 of the Lair of Beasts)

   It insulates you from electricity.
   It lets you blink.
   It makes you more stealthy.
   It has a curse placed upon it.
 J - a +2 ring mail of fire resistance
 M - the +2 ring mail of Zosekk {*Slow rF+ Int+5}
   (You found it on level 7 of the Dungeon)

   It affects your intelligence (+5).
   It protects you from fire.
   It may slow you when you take damage.
 N - a +1 pair of boots (worn)
 R - a +1 cloak (worn)
Jewellery
 i - an amulet of magic regeneration (around neck)
 p - a ring of poison resistance (left hand)
 z - a ring of protection from magic (right hand)
Wands
 n - a wand of iceblast (9/15)
 t - a wand of confusion (20/48)
 D - a wand of flame (7/48)
 S - a wand of acid (6/15)
 V - a wand of confusion (22/48)
 X - a wand of iceblast (4/15)
Scrolls
 g - a scroll of blinking
 l - 2 scrolls of identify
 m - a scroll of fog
 q - 5 scrolls of remove curse
 y - 3 scrolls of recharging
 A - 2 scrolls of magic mapping
 H - 2 scrolls of immolation
 I - a scroll of enchant armour {unknown}
 P - a scroll of fear
 Q - a scroll of holy word {unknown}
 Y - 3 scrolls of amnesia
Potions
 e - a potion of curing
 j - 5 potions of agility
 o - 3 potions of might
 r - 4 potions of invisibility {unknown}
 u - a potion of magic
 x - a potion of haste
 E - 5 potions of flight {unknown}
 L - 2 potions of lignification
 O - 4 potions of berserk rage {unknown}
 U - 4 potions of cancellation {unknown}
 W - a potion of mutation
 Z - a potion of ambrosia
Miscellaneous
 s - 2 phantom mirrors
Comestibles
 v - 10 bread rations
 K - 3 meat rations


   Skills:
 - Level 5.0 Fighting
 + Level 13.6 Axes
 - Level 7.2 Armour
 - Level 2.1 Dodging
 - Level 2.4 Stealth
 - Level 9.2 Spellcasting
 - Level 13.5 Necromancy
 - Level 7.0 Evocations


You had 24 spell levels left.
You knew the following spells:

 Your Spells              Type           Power        Failure   Level  Hunger
a - Pain                  Necr           ####         1%          1    None
s - Swiftness             Chrm/Air       #.......     88%         2    None
v - Vampiric Draining     Necr           ######....   1%          3    None


Dungeon Overview and Level Annotations

Branches:
Dungeon (12/15)            Temple (1/1) D:6            Lair (4/6) D:11
 Shoals (0/4) Lair:2          Orc (0/2) D:12
  Snake: Lair:2-4    Spider: Lair:2-4

Altars:
Ashenzari
Cheibriados
Dithmenos
Elyvilon
Fedhas
Gozag
Hepliaklqana
Kikubaaqudgha
Makhleb
Nemelex Xobeh
Okawaru
Qazlal
Ru
Sif Muna
Trog
Uskayaw
Vehumet
Xom
Yredelemnul
Zin
The Shining One

Shops:
D:5 *   D:7 [   D:8 =(!%   D:10 *   D:11 [   Lair:2 [[

Annotations:
D:4 Grinder
D:7 1 exclusion
D:10 4 runed doors, Gastronok
D:11 Snorg
D:12 1 runed door
Lair:3 Ymberto's ghost, journeyman HuFi; hilaritas's ghost, journeyman FoFi IceCv exclusion: ice statue


Innate Abilities, Weirdness & Mutations

You are resistant to damage.
You can heal yourself by infusing magical energy.
You passively map the area around you.
You do not regenerate.


Message History

You completely miss the ice beast. You hit the ice beast.
You barely miss the ice beast. The ice beast hits you.
The ice beast freezes you! You resist.
* * * LOW HITPOINT WARNING * * *
The ice beast barely misses you. The ice statue gestures at you.
The shard of ice hits you! You partially resist.
* * * LOW HITPOINT WARNING * * *
Unknown command.
You hit the ice statue.
The ice statue is severely damaged.
You closely miss the ice beast.
Your chain mail prevents you from hitting the ice beast.
You slash the ice beast!
The ice beast hits you but does no damage.
The ice beast closely misses you. The ice beast misses you.
The ice statue gestures at you. The shard of ice hits you!
You partially resist.
You die...
Your body crumbles into a pile of gold.

###########
##...!.$...##
#...8.:.8...#
##....!.[....##
#....Y.%......#
#....8@..$....#
#....YY.......#
##......$....##
#...........#
#...........#
##.........##
##...∩...##
##.....##
#######


You could see an ice statue and 3 ice beasts.

Vanquished Creatures
  A yaktaur captain (D:12)
  2 hydras
  Erica (D:8)
  3 two-headed ogres
  Sonja (Lair:2)
  A fire crab (Lair:4)
  5 wizards (Volcano)
  A lindwurm (Lair:1)
  2 orc knights
  A deep elf mage (D:10)
  5 ugly things
  A manticore (D:12)
  Maurice (D:8)
  5 toenail golems (Volcano)
  A black mamba (Lair:1)
  An ice statue (IceCv)
  3 spiny frogs
  Psyche (D:11)
  A freezing wraith (D:12)
  7 komodo dragons
  2 trolls
  Prince Ribbit (D:8)
  A slime creature (D:12)
  2 blink frogs (Lair:4)
  5 hippogriffs
  Sigmund (D:4)
  A shadow (D:11)
  4 wyverns
  9 yaks
  A basilisk (Lair:2)
  A vampire mosquito (D:12)
  2 wargs (D:11)
  4 water moccasins
  3 porcupines
  A hornet zombie (D:9)
  12 ice beasts
  10 orc warriors
  A sky beast (D:9)
  2 black bears
  4 necrophages
  4 ogres
  3 eyes of draining
  A phantom (D:10)
  2 centaurs
  5 crocodiles
  A big kobold (D:9)
  16 bullfrogs
  A wyvern skeleton (D:11)
  5 scorpions
  3 killer bees (D:10)
  9 wights
  A howler monkey (D:11)
  An electric eel (Lair:2)
  3 crimson imps
  5 hounds
  2 jellies
  8 orc priests
  3 centaur skeletons
  15 orc wizards
  A bullfrog skeleton (D:4)
  3 bullfrog zombies
  2 iguanas
  Natasha (thrice) (D:4 D:5)
  9 worker ants
  2 hound skeletons
  2 worker ant zombies
  5 gnolls
  A howler monkey skeleton (D:9)
  13 adders
  A shadow imp (D:12)
  3 oozes (D:2)
  2 adder skeletons
  A worm (D:2)
  4 dart slugs
  5 leopard geckos
  47 orcs
  10 bats
  4 giant cockroaches
  14 goblins
  8 hobgoblins
  23 jackals
  A quokka (D:8)
  A frilled lizard (D:3)
  22 kobolds
  A leopard gecko skeleton (D:4)
  18 rats
405 creatures vanquished.

Vanquished Creatures (others)
  A dancing weapon (Volcano)
  A two-headed ogre (D:12)
  A quokka (D:9)
  A fungus (Lair:3)
  2 plants (Lair:2)
6 creatures vanquished.

Grand Total: 411 creatures vanquished

Notes
Turn   | Place    | Note
-------+----------+-------------------------------------------
     0 | D:1      | letownia2 the Deep Dwarf Necromancer began the quest for the Orb.
     0 | D:1      | Reached XP level 1. HP: 15/15 MP: 3/3
   298 | D:1      | Reached XP level 2. HP: 2/22 MP: 0/5
   298 | D:1      | HP: 1/22 [rat (1)]
   632 | D:2      | Reached skill level 5 in Necromancy
   632 | D:2      | Reached XP level 3. HP: 2/28 MP: 1/6
   637 | D:2      | Learned a level 3 spell: Vampiric Draining
  1299 | D:3      | Reached XP level 4. HP: 22/36 MP: 0/8
  1526 | D:4      | Noticed Grinder
  1730 | D:4      | Noticed Sigmund
  1741 | D:4      | Killed Sigmund
  1741 | D:4      | Reached XP level 5. HP: 25/42 MP: 0/10
  2023 | D:4      | Reached XP level 6. HP: 37/49 MP: 4/11
  2178 | D:4      | Found a sacrificial altar of Ru.
  2348 | D:4      | Noticed Natasha
  2357 | D:4      | Killed Natasha
  2796 | D:4      | Noticed Natasha
  2802 | D:5      | Entered Level 5 of the Dungeon
  2803 | D:5      | Killed Natasha
  2803 | D:5      | Reached XP level 7. HP: 45/55 MP: 6/13
  2893 | D:5      | Noticed Natasha
  2902 | D:5      | Killed Natasha
  3184 | D:5      | Found Zybaish's Assorted Antiques.
  3194 | D:5      | Learned a level 2 spell: Swiftness
  3337 | D:5      | Reached skill level 5 in Spellcasting
  3341 | D:5      | Found an ancient bone altar of Kikubaaqudgha.
  3891 | D:6      | Found a shadowy altar of Dithmenos.
  4193 | D:6      | Reached XP level 8. HP: 55/62 MP: 5/16
  4531 | D:6      | Found a staircase to the Ecumenical Temple.
  4600 | Temple   | Entered the Ecumenical Temple
  4642 | Temple   | Became a worshipper of Gozag Ym Sagoz the Greedy
  4690 | D:6      | Found a shimmering altar of Xom.
  4911 | D:4      | Reached skill level 1 in Fighting
  5686 | D:2      | Found a bloodstained altar of Trog.
  5796 | D:1      | Reached skill level 1 in Armour
  6212 | D:7      | Found a bloodstained altar of Trog.
  6390 | D:7      | Got a smoking ring mail
  6416 | D:7      | Identified the +2 ring mail of Zosekk {*Slow rF+ Int+5} (You found it on level 7 of the Dungeon)
  6428 | D:7      | Found a sparkling altar of Nemelex Xobeh.
  6458 | D:7      | Gained mutation: You passively map the area around you. [Deep Dwarf growth]
  6458 | D:7      | Reached XP level 9. HP: 58/74 MP: 15/19
  6825 | D:8      | Found Wibiycla's Jewellery Shoppe.
  6898 | D:8      | Found a glowing golden altar of the Shining One.
  6927 | D:8      | Found a stormy altar of Qazlal.
  6937 | D:8      | Noticed Maurice
  7060 | D:8      | Got a dazzling morningstar
  7061 | D:8      | Identified the cursed +2 morningstar "Booduix" {antimagic, *Corrode rF+ MR+ MP+9} (You found it on level 8 of the Dungeon)
  7069 | D:8      | Found Rauthrucw's Antique Weapon Boutique.
  7144 | D:8      | Found Maboinioj's Food Shoppe.
  7272 | D:8      | Found Sataz's Distillery.
  7282 | D:8      | Bought a potion of heal wounds for 60 gold pieces
  7287 | D:8      | Noticed Prince Ribbit
  7295 | D:8      | Killed Prince Ribbit
  7332 | D:8      | Noticed Erica
  7501 | D:8      | Killed Erica
  7501 | D:8      | Reached skill level 5 in Armour
  7590 | D:9      | Found a sacrificial altar of Ru.
  7805 | D:9      | Reached skill level 5 in Fighting
  7866 | D:9      | Found a white marble altar of Elyvilon.
  8120 | D:9      | Found a hazy altar of Hepliaklqana.
  8120 | D:9      | Noticed a two-headed ogre
  8129 | D:9      | Killed a two-headed ogre
  8129 | D:9      | Reached XP level 10. HP: 66/84 MP: 6/22
  8395 | D:8      | Killed Maurice
  8588 | D:9      | Reached skill level 1 in Evocations
  8831 | D:9      | Reached skill level 10 in Necromancy
  9059 | D:10     | Entered Level 10 of the Dungeon
  9081 | D:10     | Noticed Gastronok
  9118 | D:9      | Found a glowing silver altar of Zin.
  9120 | D:9      | Found a shattered altar of Ashenzari.
  9401 | D:9      | Reached skill level 5 in Evocations
  9818 | D:10     | Noticed a purple ugly thing
 10107 | D:10     | Found a huge runed gate.
 10107 | D:10     | Found a huge runed gate.
 10108 | D:10     | Noticed a manticore
 10108 | D:10     | Found a huge runed gate.
 10108 | D:10     | Noticed a death yak
 10109 | D:10     | Found a huge runed gate.
 10292 | D:10     | Found Zuad's Assorted Antiques.
 10298 | D:10     | Noticed a deep elf mage
 10306 | D:10     | Killed a deep elf mage
 10306 | D:10     | Reached XP level 11. HP: 71/90 MP: 11/24
 10623 | D:10     | Killed a purple ugly thing
 10797 | D:11     | Noticed a two-headed ogre
 10830 | D:11     | Killed a two-headed ogre
 10840 | D:11     | Noticed Psyche
 10849 | D:11     | Killed Psyche
 10978 | D:11     | Found Bucaad's Antique Armour Shop.
 11210 | D:11     | Found a staircase to the Lair.
 11532 | D:11     | Noticed Snorg
 11600 | Lair:1   | Entered Level 1 of the Lair of Beasts
 11700 | Lair:1   | Got a transparent chain mail
 11801 | Lair:1   | Found a dark tunnel.
 11801 | Lair:1   | Noticed a lindwurm
 11901 | Volcano  | Entered a volcano
 11904 | Volcano  | Noticed a wizard
 11912 | Volcano  | Reached skill level 1 in Axes
 11913 | Volcano  | Killed a wizard
 11949 | Volcano  | Noticed a wizard
 11957 | Volcano  | Killed a wizard
 12068 | Volcano  | Noticed a wizard
 12074 | Volcano  | Killed a wizard
 12074 | Volcano  | Reached skill level 5 in Axes
 12161 | Volcano  | Noticed a wizard
 12173 | Volcano  | Killed a wizard
 12173 | Volcano  | Reached XP level 12. HP: 63/103 MP: 25/25
 12332 | Volcano  | Identified the +11 chain mail of Gravitas {*Slow Regen+ Stlth+} (You found it on level 1 of the Lair of Beasts)
 13172 | Lair:2   | Noticed a seven-headed hydra
 13176 | Lair:2   | Noticed Sonja
 13183 | Lair:1   | Killed a six-headed hydra
 13635 | Lair:2   | Killed Sonja
 13753 | Lair:2   | Bought a distressingly furry helmet for 285 gold pieces
 13763 | Lair:2   | Identified the cursed +0 helmet of Cihelal {+Blink rElec Stlth+} (You bought it in a shop on level 2 of the Lair of Beasts)
 14011 | D:5      | Bought a scroll labeled EREADGH SYAMUPI for 30 gold pieces
 14258 | D:12     | Noticed a two-headed ogre
 14325 | D:12     | Killed a two-headed ogre
 14325 | D:12     | Reached skill level 10 in Axes
 14427 | D:12     | Found a flagged portal.
 14437 | Bailey   | Entered a bailey
 14709 | Bailey   | Found an iron altar of Okawaru.
 14806 | D:12     | Noticed a two-headed ogre
 14811 | D:12     | Found a runed door.
 14816 | D:12     | Found a staircase to the Orcish Mines.
 15066 | D:12     | Noticed a yaktaur captain
 15084 | D:12     | Killed a yaktaur captain
 15087 | D:12     | Noticed a death knight
 15336 | D:10     | Noticed a two-headed ogre
 15667 | Lair:2   | Found a staircase to the Shoals.
 16000 | D:10     | Killed a two-headed ogre
 16102 | Lair:3   | Reached XP level 13. HP: 74/108 MP: 7/26
 16286 | Lair:3   | Noticed Ymberto's ghost (journeyman HuFi)
 16307 | Lair:3   | Noticed hilaritas's ghost (journeyman FoFi)
 16809 | Lair:4   | Found a frozen archway.
 17215 | IceCv    | Entered an ice cave
 17263 | IceCv    | Found a transporter.
 17359 | IceCv    | Killed from afar by an ice statue

Skill      XL: |  1  2  3  4  5  6  7  8  9 10 11 12 13 |
---------------+----------------------------------------+-----
Spellcasting   | 2 3 4 5 6 8 9 |  9.2
Necromancy     | 5 6 7 8 9 11 13 | 13.5
Fighting       | 3 5 |  5.0
Armour         | 2 5 7 |  7.2
Evocations     | 7 |  7.0
Axes           | 6 12 13 | 13.6
Dodging        | |  2.1
Stealth        | |  2.4

Action                   |  1- 3 |  4- 6 |  7- 9 | 10-12 | 13-15 || total
-------------------------+-------+-------+-------+-------+-------++-------
Melee: Unarmed           |     1 |       |       |       |       ||     1
       Dagger            |     1 |    50 |    93 |   426 |       ||   570
       Lajatang          |       |       |   164 |       |       ||   164
       Morningstar       |       |       |    25 |       |       ||    25
       Scythe            |       |       |    12 |       |       ||    12
       Broad axe         |       |       |       |   108 |    63 ||   171
       Executioner's axe |       |       |       |       |    23 ||    23
 Fire: Blowgun           |       |       |       |     1 |       ||     1
Throw: Tomahawk          |       |     2 |     3 |     8 |       ||    13
       Javelin           |       |       |       |     7 |       ||     7
 Cast: Pain              |    46 |    30 |   138 |    39 |     1 ||   254
       Vampiric Draining |     9 |    22 |    94 |   288 |    80 ||   493
Invok: Call Merchant     |       |       |     1 |     2 |       ||     3
Evoke: Wand              |       |       |     1 |    34 |     5 ||    40
  Use: Scroll            |       |       |    11 |    20 |     3 ||    34
       Potion            |       |       |       |     3 |     9 ||    12
 Stab: Sleeping          |       |     1 |     2 |     1 |       ||     4
       Distracted        |       |       |     4 |     3 |       ||     7
       Confused          |       |       |       |     4 |     3 ||     7
  Eat: Chunk             |     3 |     7 |     8 |       |       ||    18
       Meat ration       |       |       |     2 |     1 |     1 ||     4
       Bread ration      |       |       |     1 |       |       ||     1
       Fruit             |       |       |       |    19 |     5 ||    24
       Royal jelly       |       |       |       |     2 |       ||     2
Armor: Leather armour    |     5 |       |       |       |       ||     5
       Ring mail         |       |    42 |   197 |   236 |       ||   475
       Chain mail        |       |       |       |   193 |   114 ||   307
Dodge: Dodged            |    17 |    73 |   281 |   391 |    76 ||   838
